 Dungeon Crawl Stone Soup version 0.21.1-1-g345015f (webtiles) character file.

119 inc the Shield-Bearer (level 5, -2/36 HPs)
             Began as an Octopode Fighter on June 14, 2018.
             Was an Initiate of Yredelemnul.
             Killed by divine providence
             ... invoked by an orc priest
              (14 damage)
             ... on level 3 of the Dungeon.
             The game lasted 00:04:17 (2552 turns).

inc the Shield-Bearer (Octopode Fighter)            Turns: 2552, Time: 00:04:19

Health: -2/36      AC:  1    Str: 16    XL:     5   Next: 3%
Magic:  5/5        EV: 12    Int: 10    God:    Yredelemnul [......]
Gold:   114        SH:  9    Dex: 12    Spells: 4/4 levels left

rFire    . . .     SeeInvis .     - Unarmed
rCold    . . .     Gourm    .   a - +0 shield
rNeg     . . .     Faith    .   (helmet restricted)
rPois    .         Spirit   .   h - amulet of rage
rElec    .         Reflect  .   (no ring)
rCorr    .         Harm     .   (no ring)
MR       .....                  (no ring)
Stlth    ++........             (no ring)
HPRegen  0.12/turn              (no ring)
MPRegen  0.09/turn              (no ring)
                                (no ring)
                                (no ring)

@: no status effects
A: almost no armour, stealthy swim, amphibious, 8 rings, constrict 8, camouflage
1, gelatinous body 1
a: Renounce Religion, Evoke Berserk Rage


You were on level 3 of the Dungeon.
You worshipped Yredelemnul.
Yredelemnul was noncommittal.
You were not hungry.

You visited 1 branch of the dungeon, and saw 3 of its levels.

You collected 114 gold pieces.

Inventory:

Armour
 a - a +0 shield (worn)
Jewellery
 h - an amulet of rage (around mantle)
Scrolls
 d - a scroll of enchant weapon {unknown}
 e - a scroll of immolation {unknown}
 f - a scroll of remove curse {unknown}
 i - a scroll of noise {unknown}
 j - a scroll of magic mapping {unknown}
 l - a scroll of random uselessness {unknown}
 o - a scroll of fear {unknown}
Potions
 b - 2 potions of might
 g - a potion of agility
 m - a potion of mutation {unknown}
Comestibles
 c - 6 rations
 n - a chunk of flesh


   Skills:
 - Level 3.0 Fighting
 - Level 3.0 Dodging
 + Level 5.5 Shields
 - Level 2.0 Unarmed Combat


You had 4 spell levels left.
You didn't know any spells.

Dungeon Overview and Level Annotations

Branches:
Dungeon (3/15)

Altars:
Qazlal
Uskayaw
Wu Jian
Yredelemnul


Innate Abilities, Weirdness & Mutations

You cannot wear most types of armour.
You are very stealthy in the water. (Stealth+)
You are amphibious.
You can wear up to eight rings at the same time.
You can use your tentacles to constrict eight enemies at once.
Your skin changes colour to match your surroundings (Stealth+).
Your rubbery body absorbs attacks. (AC +1, EV +1)


Message History

Unknown command.
You feel better. You block the orc priest's attack.
You tentacle-slap the orc priest but do no damage.
You grab the orc priest. You squeeze the orc priest.
The orc priest is lightly wounded.
You constrict the orc priest. The orc priest hits you.
The orc priest calls down the wrath of Beogh upon you.
You barely resist. You tentacle-slap the orc priest.
Your grab misses the orc priest.
The orc priest is heavily wounded.
You constrict the orc priest. You block the orc priest's attack.
The orc priest casts a cantrip, but nothing happens.
Unknown command.
You tentacle-slap the orc priest. You grab the orc priest.
The orc priest is severely wounded.
You constrict the orc priest. x2
The orc priest invokes the aid of Beogh against you.
Beogh smites you!
You die...
Your body rises from the dead as a mindless zombie.

# #.# #.# .# ###'###.# ...#
..+_###.# ...# ###'###.# ...# #
#.# #.############# ...#
###.###.#...........####...#####
................................
#######.........oo...........#
#........#####..@#o...#.#....#
#........# ###.###.........##
#........# ##...#.o..o.....##.
#........# #.........#..?.o...
#....###.# #.......#.#<./...#
#....# #.# #.......#....#...#
#....###+######.......###....#...
#............##.......# #....# ##
..###........####.......#......


You could see 2 orc priests.

Vanquished Creatures
  A centaur skeleton (D:3)
  4 adders
  An ooze (D:3)
  A dart slug (D:1)
  A leopard gecko (D:1)
  3 orcs (D:3)
  3 bats
  5 giant cockroaches
  5 goblins
  8 hobgoblins
  A kobold (D:3)
  2 quokkas (D:3)
  A frilled lizard (D:3)
  7 rats
43 creatures vanquished.

Notes
Turn   | Place    | Note
-------+----------+-------------------------------------------
     0 | D:1      | inc the Octopode Fighter began the quest for the Orb.
     0 | D:1      | Reached XP level 1. HP: 16/16 MP: 1/1
   177 | D:1      | Reached XP level 2. HP: 15/21 MP: 2/2
   485 | D:1      | Reached skill level 4 in Shields
   730 | D:2      | Found a hide-covered altar of Uskayaw.
   773 | D:2      | Reached XP level 3. HP: 17/26 MP: 3/3
   892 | D:2      | Found an ornate altar of the Wu Jian Council.
  1201 | D:2      | Found a stormy altar of Qazlal.
  1950 | D:3      | Reached XP level 4. HP: 3/31 MP: 4/4
  2299 | D:3      | Reached skill level 5 in Shields
  2361 | D:3      | Found a basalt altar of Yredelemnul.
  2504 | D:3      | Became a worshipper of Yredelemnul the Dark
  2543 | D:3      | Reached XP level 5. HP: 11/36 MP: 5/5
  2552 | D:3      | Killed from afar by an orc priest

Skill      XL: |  1  2  3  4 |
---------------+-------------+-----
Shields        | 4 5 |  5.5
Fighting       | |  3.0
Dodging        | |  3.0
Unarmed Combat | |  2.0

Action                   |  1- 3 |  4- 6 || total
-------------------------+-------+-------++-------
Melee: Unarmed           |    74 |    40 ||   114
       Tentacles         |    12 |    11 ||    23
       Constrict         |    17 |     9 ||    26
  Use: Scroll            |     2 |       ||     2
       Potion            |       |     1 ||     1
 Stab: Sleeping          |     9 |     2 ||    11
       Distracted        |       |     1 ||     1
  Eat: Chunk             |     2 |     3 ||     5
Armor: Skin              |     3 |     1 ||     4
Dodge: Dodged            |    38 |    14 ||    52
Block: Shield            |    28 |     9 ||    37
